 Dungeon Crawl Stone Soup version 0.21.1-1-g345015fe64 (webtiles) character file.

67 Naru the Magician (level 4, -1/41 HPs)
             Began as a Troll Wizard on June 12, 2018.
             Killed from afar by a bat (9 damage)
             ... with an exploding inner flame
             ... hexed by the player character
             ... on level 3 of the Dungeon.
             The game lasted 00:10:36 (2331 turns).

Naru the Magician (Troll Wizard)                    Turns: 2331, Time: 00:10:36

Health: -1/41      AC:  6    Str: 15    XL:     4   Next: 0%
Magic:  2/6        EV:  9    Int: 15    God:
Gold:   104        SH:  0    Dex:  8    Spells: 4/7 levels left

rFire    + . .     SeeInvis .     - Unarmed
rCold    x . .     Gourm    +   (no shield)
rNeg     . . .     Faith    .   a - +0 robe
rPois    .         Spirit   .   b - +1 hat
rElec    .         Reflect  .   (no cloak)
rCorr    .         Harm     .   (gloves unavailable)
MR       .....                  (boots unavailable)
Stlth    +.........             (no amulet)
HPRegen  0.53/turn              e - ring of fire
MPRegen  0.10/turn              (no ring)

@: no status effects
A: large, unfitting armour, claws 3, fast metabolism 3, gourmand, regeneration
1, shaggy fur 1, tough skin 2
a: no special abilities


You were on level 3 of the Dungeon.
You were not hungry.

You visited 1 branch of the dungeon, and saw 3 of its levels.

You collected 104 gold pieces.

Inventory:

Missiles
 g - 5 curare-tipped needles
 h - 9 tomahawks (quivered)
 k - 10 poisoned needles
 n - 87 stones
Armour
 a - a +0 robe (worn)
 b - a +1 hat (worn)
Jewellery
 e - a ring of fire (left claw)
Scrolls
 l - 2 scrolls of enchant armour
Books
 c - a book of Minor Magic

   Spells                             Type                      Level
   a - Magic Dart                     Conjuration                  1
   b - Blink                          Translocation                2
   c - Call Imp                       Summoning                    2
   d - Slow                           Hexes                        2
   e - Conjure Flame                  Conjuration/Fire             3
   f - Mephitic Cloud                 Conjuration/Poison/Air       3


   Skills:
 * Level 1.4 Fighting
 - Level 1.5 Dodging
 - Level 1.0 Stealth
 - Level 1.6 Unarmed Combat
 - Level 2.0 Spellcasting
 * Level 1.7 Conjurations
 * Level 0.9 Summonings
   Level 0.6 Translocations


You had 4 spell levels left.
You knew the following spells:

 Your Spells              Type           Power        Failure   Level  Hunger
a - Magic Dart            Conj           #...         11%         1    #......
b - Call Imp              Summ           #.......     22%         2    ###....


Dungeon Overview and Level Annotations

Branches:
Dungeon (3/15)

Altars:
Ru

Annotations:
D:3 Natasha; barcollo's ghost, weakling MiBe


Innate Abilities, Weirdness & Mutations

You are too large for most types of armour.
You have claws for hands.
Your metabolism is lightning-fast.
You like to eat raw meat.
Your natural rate of healing is unusually fast.
You are covered in fur. (AC +1)
You have very tough skin. (AC +2)


Message History

You are too injured to fight recklessly!
You are too injured to fight recklessly!
Casting: Call Imp
Confirm with . or Enter, or press ? or * to list all spells.
A beastly little devil appears in a puff of flame.
The frilled lizard hisses angrily.
The frilled lizard moves out of view.
The goblin shoots a stone.
The stone misses your crimson imp. The stone hits you but does no damage.
The bat misses you. The shadow imp spits at you.
The shadow imp barely misses you.
You barely miss the bat. The bat barely misses you.
The goblin shoots a stone.
The stone misses your crimson imp. The stone hits you!
* * * LOW HITPOINT WARNING * * *
The shadow imp hits you.
* * * LOW HITPOINT WARNING * * *
You claw the bat!
The bat explodes!
The fiery explosion engulfs you! You resist.
You die...

.. .... ....
.... .>.. . ..
... ..
..g..##### ..
......5@§## ..
...l####5S# .. .
##o####### #.
#gg.....> ..
####....#... ..
#####....##.#.#.
.. ...
#...............
.. ...
.....S..###....#
#. ..#
#.......§.....##
.#.#


You could see an adder, a shadow imp, an orc, a hobgoblin, 2 goblins, a frilled
lizard and a friendly crimson imp.

Vanquished Creatures
  A dart slug (D:1)
  2 leopard geckos (D:1)
  2 orcs (D:2)
  8 bats
  2 giant cockroaches (D:2)
  8 goblins
  5 hobgoblins
  3 jackals (D:2)
  6 kobolds
  A quokka (D:2)
  2 frilled lizards
  6 rats
46 creatures vanquished.

Vanquished Creatures (collateral kills)
  An adder (D:2)
  3 orcs (D:2)
  A goblin (D:2)
5 creatures vanquished.

Grand Total: 51 creatures vanquished

Notes
Turn   | Place    | Note
-------+----------+-------------------------------------------
     0 | D:1      | Naru the Troll Wizard began the quest for the Orb.
     0 | D:1      | Reached XP level 1. HP: 16/16 MP: 2/2
    63 | D:1      | Reached skill level 1 in Conjurations
   167 | D:1      | Reached XP level 2. HP: 25/26 MP: 0/4
   542 | D:1      | Reached skill level 1 in Fighting
   679 | D:1      | Learned a level 2 spell: Call Imp
   785 | D:2      | Reached XP level 3. HP: 33/33 MP: 0/5
   811 | D:2      | Reached skill level 1 in Unarmed Combat
   897 | D:2      | Found a sacrificial altar of Ru.
  1510 | D:3      | Noticed barcollo's ghost (weakling MiBe)
  1665 | D:3      | HP: 1/33 [barcollo's ghost (12)]
  2144 | D:3      | Noticed Natasha
  2287 | D:3      | Noticed a bullfrog
  2289 | D:3      | Reached XP level 4. HP: 38/41 MP: 4/6
  2331 | D:3      | Killed from afar by a bat

Skill      XL: |  1  2  3 |
---------------+----------+-----
Conjurations   | 1 |  1.7
Fighting       | 1 |  1.4
Unarmed Combat | 1 |  1.6
Dodging        | |  1.5
Stealth        | |  1.0
Spellcasting   | |  2.0
Summonings     | |  0.9
Translocations | |  0.6

Action                   |  1- 3 |  4- 6 || total
-------------------------+-------+-------++-------
Melee: Unarmed           |   151 |     7 ||   158
 Cast: Magic Dart        |    13 |       ||    13
       Call Imp          |    20 |     2 ||    22
  Use: Scroll            |       |     5 ||     5
       Potion            |       |     1 ||     1
  Eat: Ration            |     5 |       ||     5
       Chunk             |     4 |       ||     4
Armor: Robe              |    82 |    28 ||   110
Dodge: Dodged            |   103 |    41 ||   144
